 Dungeon Crawl Stone Soup version 0.17-a0-2073-gde5cdba (webtiles) character file.

1402 abixa the Basher (level 8, -13/89 HPs)
             Began as an Ogre Berserker on Oct 15, 2015.
             Was an Elder of Trog.
             Mangled by Menkaure (22 damage)
             ... on level 6 of the Dungeon.
             The game lasted 00:21:24 (6307 turns).

abixa the Basher (Ogre Berserker)                   Turns: 6307, Time: 00:21:24

Health: -13/89     AC:  6    Str: 25    XL:     8   Next: 69%
Magic:  8/8        EV:  5    Int:  6    God:    Trog [****..]
Gold:   299        SH:  0    Dex: 11    Spells: 0 memorised, 7 levels left

rFire  . . .     SeeInvis .     D - +0 flail
rCold  . . .     Clarity  .     b - +0 animal skin
rNeg   . . .     SustAt   .     (no shield)
rPois  .         Gourm    .     (helmet restricted)
rElec  .         Spirit   .     R - +2 cloak of Wasted Space {Str+2}
rCorr  .         Warding  .     (gloves unavailable)
rMut   .         Stasis   .     (boots unavailable)
MR     .....                    (no amulet)
Stlth  +.........               p - ring of invisibility
                                h - ring of flight

@: not resistant to hostile enchantments, very unstealthy
A: unfitting armour, tough skin 1
a: Burn Spellbooks, Berserk, Trog's Hand, Brothers in Arms, Renounce Religion,
Evoke Invisibility, Evoke Flight


You were on level 6 of the Dungeon.
You worshipped Trog.
Trog was greatly pleased with you.
You were very hungry.

You visited 2 branches of the dungeon, and saw 7 of its levels.

You collected 299 gold pieces.

Inventory:

Hand Weapons
 k - a +1 dagger of venom
 D - a +0 flail (weapon)
 O - a +0 hunting sling
 P - a +1 mace of holy wrath
Missiles
 f - 32 sling bullets
 i - 158 stones (quivered)
 o - 38 arrows
 F - 20 poisoned needles
 G - 17 poisoned bolts
 I - 12 bolts
 M - 4 large rocks
 Q - 5 tomahawks
Armour
 b - a +0 animal skin (worn)
 R - the +2 cloak of Wasted Space (worn) {Str+2}
   (You found it on level 6 of the Dungeon)

   It affects your strength (+2).
Magical Staves
 H - an uncursed staff of wizardry {unknown}
Jewellery
 h - a ring of flight (left hand)
 p - a ring of invisibility (right hand)
Wands
 E - a wand of confusion (11)
 J - a wand of draining (5)
 L - a wand of flame (21)
 N - a wand of slowing (8)
Scrolls
 a - a scroll of remove curse {unknown}
 g - a scroll of enchant weapon {unknown}
 j - 7 scrolls of identify {unknown}
 l - 2 scrolls of blinking {unknown}
 n - a scroll of magic mapping {unknown}
 q - 4 scrolls of fog {unknown}
 r - 2 scrolls of random uselessness {unknown}
 y - a scroll of fear {unknown}
 C - 3 scrolls of teleportation {unknown}
Potions
 e - 2 potions of flight {unknown}
 s - 2 potions of ambrosia {unknown}
 t - a potion of lignification {unknown}
 u - a potion of agility {unknown}
 v - 2 potions of poison {unknown}
 w - 2 potions of might {unknown}
 x - a potion of magic {unknown}
 z - 3 potions of resistance {unknown}
 B - a potion of haste {unknown}
 K - a potion of curing {unknown}
Books
 A - a book of Air

   Spells                             Type                      Level
   a - Shock                          Conjuration/Air              1
   b - Swiftness                      Charms/Air                   2
   c - Repel Missiles                 Charms/Air                   2
   d - Static Discharge               Conjuration/Air              3
   e - Lightning Bolt                 Conjuration/Air              5
   Trog disapproves of the use of such an item.
Comestibles
 c - 4 bread rations
 d - 5 meat rations
 m - a beef jerky


   Skills:
 + Level 8.3 Fighting
 + Level 9.5 Maces & Flails
 + Level 5.6 Throwing
 - Level 2.6 Dodging


You had 7 spell levels left.
You didn't know any spells.

Dungeon Overview and Level Annotations

Branches:
Dungeon (6/15)             Temple (1/1) D:5

Altars:
Ashenzari
Cheibriados
Elyvilon
Gozag
Kikubaaqudgha
Nemelex Xobeh
Okawaru
Ru
Sif Muna
Trog
Xom
Yredelemnul
Zin
The Shining One

Annotations:
D:6 Menkaure


Innate Abilities, Weirdness & Mutations

You are too large for most types of armour.
You have tough skin (AC +1).


Message History

Press: ? - help, Shift-Dir - straight line, f/p - hound
Aim: a hound (chance to defeat MR: 61%)
The hound seems to slow down.
Evoking this partially-identified wand wasted a few charges.
The hound bites you.
* * * LOW HITPOINT WARNING * * *
The hound stops to sniff the ground.
Menkaure calls on the powers of darkness!
The hound convulses!
Your body is wracked with pain!
* * * LOW HITPOINT WARNING * * *
The hound bites you.
* * * LOW HITPOINT WARNING * * *
Evoke which item? (* to show all) (? for menu, Esc to quit)
Okay, then.
Read which item? (? for menu, Esc to quit)
Okay, then.
There is a stone staircase leading up here.
The hound pauses to sniff the ground.
Menkaure hits you!!
You die...

##..###....##
#..##^##....##
..##..^##[...##
.##.._..##....#######
##.^.....##...#.....#
#^..^.....##........#
.^.#####...#..#....⌠##
#.'#.#.#'.##.........#
###..#..###....⌠.@...#
....###.........Mh...#
..............#....⌠.#
....#................#
..........[.........##
#####.........#....##
####.....###..#....#
#......#####.###..##
.......# #...# ####


You could see Menkaure and a hound.

Vanquished Creatures
  Grinder (D:5)
  A water moccasin (D:5)
  A phantom (D:5)
  The ghost of WildSam the Insei, an amateur DsTm of Cheibriados (D:3)
  2 crimson imps (D:5)
  A centaur zombie (D:5)
  2 jellies (D:5)
  6 hounds
  3 orc wizards
  A centaur skeleton (D:4)
  5 orc priests
  An iguana (D:4)
  2 worker ants (D:4)
  Natasha (thrice) (D:3)
  3 gnolls (D:3)
  5 adders
  A worm (D:3)
  4 giant geckos
  21 orcs
  3 ball pythons
  8 giant cockroaches
  14 hobgoblins
  12 jackals
  9 kobolds
  9 bats
  A giant cockroach zombie (D:5)
  5 giant newts
  10 goblins
  2 quokkas
  2 quokka skeletons
  7 rats
146 creatures vanquished.

Notes
Turn   | Place    | Note
--------------------------------------------------------------
     0 | D:1      | abixa the Ogre Berserker began the quest for the Orb.
     0 | D:1      | Reached XP level 1. HP: 24/24 MP: 1/1
   143 | D:1      | Reached XP level 2. HP: 29/32 MP: 2/2
   343 | D:2      | Reached skill level 5 in Maces & Flails
   831 | D:1      | Reached XP level 3. HP: 39/39 MP: 3/3
  1271 | D:2      | Reached ** piety under Trog
  1328 | D:2      | Reached skill level 6 in Maces & Flails
  1366 | D:2      | Reached XP level 4. HP: 47/48 MP: 4/4
  1524 | D:2      | Found a deep blue altar of Sif Muna.
  1526 | D:2      | Found a basalt altar of Yredelemnul.
  1528 | D:2      | Found a glowing golden altar of the Shining One.
  1528 | D:2      | Found a glowing silver altar of Zin.
  1594 | D:2      | Reached skill level 1 in Throwing
  1704 | D:3      | Noticed WildSam's ghost (amateur DsTm)
  1712 | D:3      | Noticed Natasha
  1813 | D:3      | Killed WildSam's ghost
  1813 | D:3      | Reached XP level 5. HP: 55/55 MP: 5/5
  1878 | D:3      | Killed Natasha
  2114 | D:3      | Noticed Natasha
  2119 | D:3      | Killed Natasha
  2206 | D:3      | Reached skill level 5 in Fighting
  2215 | D:3      | Reached XP level 6. HP: 47/66 MP: 6/6
  2559 | D:3      | Reached *** piety under Trog
  2561 | D:3      | Reached skill level 7 in Maces & Flails
  2627 | D:3      | Found a sparkling altar of Nemelex Xobeh.
  2948 | D:3      | Noticed Natasha
  2965 | D:3      | Killed Natasha
  3499 | D:4      | Reached XP level 7. HP: 61/74 MP: 7/7
  4226 | D:4      | Reached **** piety under Trog
  4304 | D:4      | Found a snail-covered altar of Cheibriados.
  4322 | D:4      | Reached skill level 8 in Maces & Flails
  4324 | D:4      | Received a gift from Trog
  4514 | D:5      | Entered Level 5 of the Dungeon
  5000 | D:5      | Reached XP level 8. HP: 65/87 MP: 8/8
  5625 | D:5      | Reached skill level 9 in Maces & Flails
  5625 | D:5      | Reached skill level 5 in Throwing
  5714 | D:5      | Found a staircase to the Ecumenical Temple.
  5720 | Temple   | Entered the Ecumenical Temple
  5951 | D:5      | Noticed Grinder
  5976 | D:5      | Killed Grinder
  6210 | D:6      | Got an encrusted cloak
  6216 | D:6      | Identified the +2 cloak of Wasted Space {Str+2} (You found it on level 6 of the Dungeon)
  6231 | D:6      | Found a sparkling altar of Nemelex Xobeh.
  6277 | D:6      | Noticed Menkaure
  6307 | D:6      | Mangled by Menkaure

Vault maps used:
D:1:      dpeg_arrival_windows_large_door, kennysheep_doodads
D:2:      grunt_temple_overflow_open
D:3:      nemelex_deck, first_bread, uniq_natasha
D:4:      cheibriados_altar_wand_db
D:5:      minmay_temple_entry_fiery, uniq_grinder
D:6:      nicolae_dithmenos_through_a_glass_darkly, grunt_ministairs_1,
          nemelex_spade_bored_becter, uniq_eustachio, uniq_crazy_yiuf_cottage,
          uniq_menkaure
Temple:   zaba_magenta_temple_8

Action                   |  1- 3 |  4- 6 |  7- 9 || total
-------------------------+-------+-------+-------++-------
Melee: Mace              |   114 |    76 |       ||   190
       Flail             |       |    74 |   227 ||   301
Throw: Stone             |       |    16 |    24 ||    40
Invok: Berserk           |     2 |     3 |     3 ||     8
       Trog's Hand       |       |       |     1 ||     1
Evoke: Wand              |       |       |     3 ||     3
 Stab: Sleeping          |     3 |       |       ||     3
       Distracted        |       |       |     1 ||     1
  Eat: Chunk             |     3 |    11 |    11 ||    25
